Map: Central Protocol

Players

Nerchio

  • Race: Zerg Zerg

Polt - Winner!

  • Race: Terran Terran

Event: 2016 WCS Winter Circuit Championship

VOD

Have the link to the VOD?

Description

Time

  • Played on: March 5, 2016, 6:09 a.m.
  • Length: 12:43

All games in this series

Show
View Real Time Build Order
Export as new Build Order

Nerchio Zerg 

Build Orders: Pool First 

Get SALT Encoding   

  12  0:00  Drone  
  13  0:12  Overlord  
  13  0:17  Drone  
  14  0:30  Drone x2  
  14  0:34  Drone  
  17  0:46  Spawning Pool  
  17  0:49  Drone  
  17  0:55  Drone  
  18  1:13  Hatchery  
  18  1:16  Drone  
  18  1:19  Drone  
  18  1:22  Extractor  
  18  1:33  Queen, Zergling x2  
  21  1:42  Drone  
  22  1:52  Overlord  
  22  2:10  Queen  
  22  2:11  Drone x2  
  26  2:24  Metabolic Boost  
  26  2:26  Queen  
  26  2:29  Drone x2  
  30  2:37  Drone x2  
  32  2:43  Overlord  
  32  2:44  Drone x2  
  32  2:46  Drone  
  32  2:47  Drone  
  35  3:03  Hatchery  
  35  3:05  Drone  
  35  3:08  Drone  
  35  3:10  Drone  
  35  3:12  Drone  
  38  3:18  Zergling x6  
  41  3:20  Zergling x2  
  42  3:28  Drone  
  42  3:29  Roach Warren  
  42  3:30  Drone  
  42  3:32  Extractor  
  42  3:34  Drone  
  42  3:36  Overlord  
  42  3:40  Overlord  
  43  3:49  Overlord  
  43  3:58  Drone  
  43  3:59  Drone x2  
  46  4:04  Drone  
  47  4:10  Drone  
  47  4:11  Spore Crawler, Drone  
  47  4:12  Roach x5  
  58  4:18  Lair  
  58  4:23  Drone  
  58  4:24  Drone x2  
  59  4:27  Roach  
  62  4:31  Roach  
  62  4:32  Roach  
  66  4:39  Overlord  
  66  4:40  Overlord  
  66  4:43  Queen  
  69  4:45  Drone  
  69  4:47  Extractor  
  69  4:48  Drone  
  69  4:49  Extractor  
  69  4:50  Drone  
  69  4:52  Drone  
  70  4:56  Drone  
  70  4:57  Drone x2  
  73  5:01  Drone x2  
  73  5:02  Drone  
  73  5:06  Drone x3  
  79  5:10  Overlord  
  79  5:13  Overlord  
  79  5:18  Glial Reconstitution  
  79  5:21  Evolution Chamber  
  79  5:22  Overseer  
  79  5:23  Overlord  
  78  5:30  Drone x3  
  78  5:31  Drone x2  
  78  5:32  Drone  
  84  5:39  Drone x2  
  85  5:45  Evolution Chamber  
  85  5:46  Drone, Infestation Pit  
  85  5:47  Overlord  
  84  5:51  Roach x3  
  84  5:54  Roach  
  84  5:56  Roach  
  92  5:59  Overlord  
  92  6:01  Overlord  
  92  6:04  Zerg Missile Weapons Level 1  
  92  6:08  Roach x2  
  92  6:11  Overlord  
  96  6:13  Overlord  
  96  6:16  Zerg Ground Armor Level 1  
  96  6:19  Extractor x2  
  94  6:27  Drone x2  
  94  6:28  Pathogen Glands, Infestor  
  94  6:29  Drone x2  
  94  6:30  Drone  
  94  6:31  Drone x2  
  103  6:35  Drone x2  
  103  6:36  Drone  
  104  6:43  Queen  
  100  6:52  Roach  
  100  6:53  Roach x5  
  104  7:04  Hive  
  104  7:05  Infestor  
  104  7:08  Roach  
  108  7:09  Roach  
  108  7:11  Roach  
  108  7:13  Ravager  
  108  7:14  Roach, Ravager  
  116  7:16  Roach  
  116  7:17  Roach  
  116  7:20  Roach  
  116  7:21  Roach  
  116  7:22  Overlord  
  124  7:25  Overlord  
  124  7:26  Hatchery  
  123  7:31  Roach x3  
  123  7:34  Ravager x2  
  123  7:36  Overlord  
  131  7:37  Overlord  
  131  7:40  Roach  
  131  7:41  Roach  
  135  7:48  Roach x3  
  135  7:50  Drone x2  
  135  7:51  Drone  
  144  8:03  Infestor, Overlord  
  146  8:06  Zerg Melee Weapons Level 1  
  146  8:10  Ravager  
  147  8:15  Ravager  
  145  8:25  Roach x7  
  145  8:26  Roach x4  
  161  8:27  Roach x2  
  161  8:31  Roach x2  
  161  8:34  Roach x2  
  171  8:35  Roach  
  171  8:37  Roach  
  171  8:39  Roach  
  171  8:40  Roach  
  179  8:42  Roach  
  179  8:46  Roach  
  177  8:59  Roach x3  
  177  9:00  Roach  
  177  9:01  Roach x2  
  163  9:15  Drone x2, Infestor  
  158  9:17  Drone x2  
  158  9:20  Ultralisk Cavern, Drone  
  158  9:21  Drone x5  
  158  9:24  Extractor  
  163  9:25  Extractor  
  159  9:33  Zerg Ground Armor Level 2  
  159  9:35  Zergling x12  
  159  9:36  Zergling x2  
  166  9:46  Roach x3  
  166  9:47  Spawning Pool  
  166  9:48  Overlord  
  166  9:49  Overlord  
  171  9:53  Overlord  
  169  10:05  Overlord  
  169  10:07  Chitinous Plating  
  169  10:08  Ultralisk  
  175  10:16  Ultralisk  
  181  10:24  Ultralisk  
  176  10:31  Ultralisk  
  176  10:39  Ultralisk  
  176  10:42  Drone x2  
  180  10:44  Drone x2  
  174  10:54  Ultralisk  
  180  10:58  Ravager  
  180  11:04  Ravager x2  
  181  11:05  Ravager  
  181  11:06  Zergling x2  
  181  11:07  Zergling x10  
  181  11:08  Zergling x2  
  189  11:13  Zergling x4  
  189  11:15  Overlord  
  191  11:19  Overlord x2  
  191  11:24  Overlord  
  191  11:31  Overlord  
  191  11:45  Zergling x12  
  191  11:46  Zergling x4  
  169  11:57  Ultralisk  
  137  12:03  Zergling x12  
  131  12:19  Zergling x8  
Show
View Real Time Build Order
Export as new Build Order

Polt Terran - Winner!

Build Orders: Reaper Expand, Bio Tank 

Get SALT Encoding   

  12  0:00  SCV  
  13  0:13  SCV  
  14  0:17  Supply Depot  
  14  0:25  SCV  
  15  0:38  SCV  
  15  0:40  Barracks  
  16  0:44  Refinery  
  16  0:50  SCV  
  17  1:03  SCV  
  18  1:15  SCV  
  19  1:27  Orbital Command, Reaper  
  20  1:39  Command Center  
  20  1:52  Supply Depot  
  20  1:53  SCV  
  21  1:59  Marine  
  22  2:05  SCV  
  22  2:08  Factory  
  23  2:12  Refinery  
  23  2:17  SCV  
  24  2:23  Barracks Reactor  
  24  2:29  SCV  
  25  2:45  SCV  
  26  2:53  Starport  
  26  2:57  SCV  
  27  2:59  Marine x2  
  27  3:01  Factory Tech Lab  
  29  3:06  Orbital Command  
  29  3:07  Bunker  
  29  3:09  SCV  
  30  3:16  Marine x2  
  32  3:21  SCV  
  32  3:23  Siege Tank  
  36  3:29  Supply Depot  
  36  3:33  SCV x2  
  38  3:34  Marine x2  
  40  3:41  Medivac  
  40  3:45  SCV x2  
  44  3:53  Supply Depot  
  44  3:54  Marine x2  
  46  3:57  SCV x2  
  47  4:09  SCV, Barracks  
  49  4:10  SCV  
  49  4:14  Barracks  
  49  4:20  Marine  
  49  4:21  SCV, Stimpack  
  49  4:22  SCV  
  49  4:23  Viking  
  54  4:25  Factory Reactor  
  54  4:30  Refinery  
  54  4:33  SCV  
  54  4:34  SCV  
  54  4:36  Refinery  
  54  4:37  Marine  
  57  4:42  Supply Depot  
  57  4:45  Supply Depot, SCV  
  57  4:46  SCV  
  59  4:58  Marine, Starport Reactor  
  60  5:00  SCV x2  
  60  5:05  Marine x2  
  64  5:09  Command Center  
  64  5:14  Factory Tech Lab, Marine x2  
  64  5:16  Marine  
  64  5:17  SCV x2  
  69  5:23  Supply Depot, Marine x2  
  69  5:24  Supply Depot  
  71  5:34  Engineering Bay  
  71  5:35  Engineering Bay  
  71  5:36  SCV x2  
  71  5:38  Medivac x2  
  77  5:44  Marine  
  77  5:45  Marine x4  
  82  5:51  Supply Depot  
  82  6:04  Siege Tank  
  82  6:06  Marine x4  
  82  6:08  Medivac x2, Marine  
  94  6:15  Terran Infantry Armor Level 1, Terran Infantry Weapons Level 1  
  94  6:23  Orbital Command  
  94  6:28  Combat Shields, Barracks x2  
  94  6:38  Marine x2  
  94  6:39  Marine x3  
  97  6:42  Liberator x2  
  97  6:45  Siege Tank  
  93  6:56  Marine  
  93  6:57  Marine x4  
  102  7:05  SCV x3  
  104  7:16  Barracks Reactor x2  
  104  7:17  Marine x5  
  104  7:19  SCV  
  110  7:23  Orbital Command, SCV  
  110  7:25  Siege Tank  
  114  7:31  Supply Depot x2, Armory  
  114  7:33  Supply Depot  
  114  7:40  Marine x3  
  117  7:44  Refinery  
  117  7:46  Factory  
  117  7:52  SCV x2, Marine x2  
  121  8:00  Siege Tank  
  121  8:02  SCV  
  121  8:04  SCV x2  
  127  8:14  Marine x9  
  136  8:27  Terran Infantry Weapons Level 2, Terran Infantry Armor Level 2  
  136  8:28  Terran Vehicle Weapons Level 1  
  136  8:32  Siege Tank, Marine x4  
  136  8:33  Marine  
  136  8:34  Marine x4  
  141  8:37  SCV x3  
  141  8:39  Refinery  
  141  8:52  Medivac x2  
  131  9:03  Marine x9  
  131  9:04  Factory Tech Lab  
  125  9:21  Siege Tank, Marine x8  
  125  9:22  Marauder, Medivac x2  
  142  9:38  Marine x4  
  142  9:39  Marine x3  
  142  9:45  Supply Depot x2  
  149  9:46  Siege Tank, Marine x2  
  149  9:48  Supply Depot  
  149  9:52  Medivac  
  156  9:58  Medivac  
  155  10:01  Siege Tank  
  156  10:11  Marauder, Marine x8  
  166  10:18  Thor  
  168  10:32  Thor  
  166  10:37  Marauder, Marine x8  
  154  10:55  Marine x8  
  159  10:59  Marauder  
  160  11:06  Liberator x2  
  160  11:07  Starport  
  160  11:13  Thor  
  166  11:21  Thor  
  178  11:36  Marine x3  
  181  11:41  Supply Depot, Marine x6  
  181  11:45  Starport Reactor  
  179  11:57  Marine x3  
  179  11:59  Marauder, Marine x5  
Tags
 
Add a new tag
Caveats
  • Supply blocks, unpowered buildings, or Contaminate may cause inaccurate times.
  • Supply counts are checked every 10 seconds.